Match 47617509
Unlisted

Match 47617509
End
Selects Australian Defense Battlegroup
Selects Australian Light Infantry Section
Australian Light Infantry Section
Construct Section Command Post
Dingo Light Scout Car
Infantry Section
Infantry Section
Construct Platoon Command Post
Humber Armored Car
6-pounder Anti-tank Gun Team
Infantry Training
Selects Defensive Tactics
Selects Hold the Line!
Royal Engineer Section
Australian Light Infantry Section
Construct Company Command Post
Selects CMP 15cwt Supply Run
Matilda II Heavy Tank
CMP 15cwt Truck
Selects Reinforced Resource Caches
Selects Archer Tank Destroyer
Archer Tank Destroyer
Royal Engineer Section
Grenade Package
Armored Vehicle Training
Archer Tank Destroyer
Royal Engineer Section
Hold the Line!
Hold the Line!
Royal Engineer Section
Royal Engineer Section
Archer Tank Destroyer
Archer Tank Destroyer
Archer Tank Destroyer
N7 LIBERATOR4515
N7 SHARK
Liberator4515
[PD] [9C] [FT] Claudius Tacitus
Nico-Nico-Nii~~
frostie
0
0

Comments sign in to comment!

No comments posted yet!